Map: Kairos Junction LE

Players

Woah - Winner!

  • Race: Terran Terran
  • League: Diamond
  • Spawn Location: 5:00

vrvi

  • Race: Zerg Zerg
  • League: Diamond
  • Spawn Location: 11:00

VOD

Have the link to the VOD?

Description

Time

  • Played on: June 14, 2019, 9:21 p.m.
  • Length: 20:50
Show
View Real Time Build Order
Export as new Build Order

Woah Terran - Winner!

Build Orders: Reaper Expand 

Get SALT Encoding   

  12  0:01  SCV  
  13  0:13  SCV  
  14  0:17  Supply Depot  
  14  0:26  SCV  
  15  0:39  SCV  
  15  0:40  Barracks  
  16  0:45  Refinery  
  16  0:53  SCV  
  17  1:05  SCV  
  18  1:17  SCV  
  19  1:31  Orbital Command  
  19  1:32  Reaper  
  20  1:42  Command Center  
  20  1:54  Supply Depot  
  20  1:57  SCV  
  20  2:04  Marine  
  20  2:26  Factory  
  20  2:28  SCV  
  21  2:47  Command Center  
  20  2:54  SCV, Barracks Reactor  
  21  3:06  SCV, Refinery  
  22  3:18  SCV, Starport  
  23  3:36  Hellion x2  
  27  3:41  SCV  
  27  3:42  Marine  
  29  3:53  SCV  
  30  3:58  Viking  
  30  4:00  Hellion x2  
  30  4:02  Orbital Command  
  36  4:06  SCV  
  37  4:10  Marine  
  38  4:18  SCV  
  38  4:21  Hellion  
  38  4:22  Hellion  
  43  4:29  Orbital Command  
  43  4:30  SCV  
  43  4:31  Barracks Tech Lab  
  44  4:42  SCV  
  45  4:47  Liberator  
  45  4:48  Liberator  
  45  4:53  Supply Depot  
  45  4:56  Supply Depot  
  45  4:59  Armory  
  51  5:18  Engineering Bay  
  51  5:20  Supply Depot  
  51  5:23  SCV  
  51  5:26  Factory Tech Lab  
  51  5:28  Stimpack  
  52  5:35  SCV  
  53  5:44  Siege Tank  
  53  5:45  SCV  
  57  5:59  Marine  
  57  6:03  Barracks  
  58  6:05  Barracks  
  58  6:16  Marine  
  47  6:51  Marine  
  47  6:53  SCV  
  44  6:54  Barracks Reactor, Barracks Tech Lab  
  44  6:55  Barracks  
  44  6:56  Siege Tank  
  44  6:57  Command Center, Barracks  
  44  6:58  Medivac  
  46  7:09  Marine  
  46  7:10  SCV x2  
  46  7:13  Terran Infantry Weapons Level 1  
  46  7:14  Refinery  
  49  7:15  Refinery  
  49  7:18  Marauder  
  49  7:22  SCV x2  
  53  7:27  Marine  
  54  7:34  SCV x2  
  54  7:35  Marine x2  
  58  7:39  Marine  
  58  7:42  Combat Shield  
  59  7:45  Marine  
  59  7:46  SCV x2  
  59  7:49  Supply Depot  
  59  7:50  Supply Depot x2  
  62  7:53  Marine x2  
  62  7:56  Marine  
  66  7:58  SCV x2  
  65  8:10  SCV x2  
  66  8:15  Marauder, Marine x2  
  66  8:16  Marauder, Marine x2  
  70  8:27  Medivac x2  
  70  8:28  Supply Depot  
  70  8:33  Marine x3  
  78  8:36  Marauder  
  78  8:38  Marine  
  78  8:40  SCV x2  
  83  8:51  Marine x2  
  83  8:54  Siege Tank  
  87  8:58  Barracks Reactor  
  87  8:59  Barracks Reactor  
  85  9:27  Marine  
  85  9:28  Marauder x2, Marine  
  86  9:32  Siege Tank  
  86  9:33  SCV, Medivac x2  
  94  9:38  SCV  
  94  9:41  Terran Infantry Armor Level 1  
  94  9:45  Marine x2  
  95  9:49  Marauder, Marine  
  98  10:01  Marine x3  
  98  10:02  Marine  
  98  10:03  Marine x2  
  103  10:07  Marauder  
  103  10:10  Marine  
  99  10:19  Marine x4  
  99  10:21  Marine x2  
  102  10:23  Medivac x2  
  103  10:29  Marauder x2  
  107  10:37  Marine x2  
  109  10:45  Marine x2  
  109  10:48  Marine  
  109  10:49  Marine  
  108  10:53  Marauder  
  108  10:57  Marine  
  109  10:58  Marine  
  109  11:00  Marauder  
  109  11:03  Marine x2  
  108  11:06  Marine  
  108  11:07  Marine  
  108  11:14  Marine  
  109  11:34  Terran Infantry Weapons Level 2, Marine x2  
  109  11:36  Marauder, Marine x2  
  109  11:37  Marine x2  
  109  11:39  Marauder  
  102  11:51  Marine  
  102  11:52  Marine  
  102  11:53  Siege Tank  
  102  11:54  Marine x3  
  104  11:55  Marine  
  104  11:57  Marauder  
  104  12:00  Marauder  
  105  12:09  Marine  
  105  12:10  Marine  
  105  12:11  Marine  
  105  12:12  Liberator x2, Marine x3  
  104  12:18  Marauder  
  104  12:21  Marauder  
  105  12:25  SCV x2, Barracks x2  
  105  12:26  SCV, Barracks  
  105  12:27  Marine  
  105  12:28  Marine  
  105  12:29  Marine  
  112  12:30  Marine x2  
  117  12:44  Marine  
  117  12:45  SCV  
  87  13:04  Siege Tank  
  87  13:05  SCV x2, Orbital Command  
  82  13:30  Marine x2  
  82  13:31  Marine x4  
  84  13:44  Marauder, Siege Tank, Liberator x2, Marine  
  84  13:48  Marine x2  
  90  13:49  Marine x4  
  90  13:50  SCV  
  90  13:51  SCV x2, Barracks Reactor x2  
  90  13:55  Bunker  
  99  13:58  Barracks Reactor  
  99  13:59  Supply Depot  
  99  14:02  Marauder  
  107  14:06  Marauder, Supply Depot, Marine x2  
  107  14:07  Marine x4  
  115  14:22  Terran Infantry Armor Level 2  
  115  14:23  Barracks  
  115  14:24  Marauder  
  117  14:27  Marauder, Engineering Bay, Refinery  
  117  14:28  Refinery  
  119  14:43  Marine x2  
  119  14:44  Marine x8  
  119  14:45  Marauder, Marine  
  132  14:49  Marauder  
  127  15:14  Marauder, Marine x2  
  127  15:15  Marauder  
  132  15:25  Marine x4  
  132  15:26  Marine x4  
  132  15:27  Marine  
  131  15:33  Siege Tank  
  134  15:36  Marauder x2  
  138  15:55  Orbital Command  
  128  15:57  Marauder x2  
  83  16:15  Marine x11  
  83  16:16  Marine  
  94  16:18  Marauder  
  94  16:19  Marauder  
  94  16:25  Thor  
  98  16:28  Missile Turret  
  98  16:30  Missile Turret x2  
  98  16:31  Barracks Reactor  
  100  16:33  Missile Turret, Marine x7  
  100  16:37  Missile Turret  
  107  16:41  Marine x2  
  107  16:42  Marine x4  
  113  16:54  Marine x3  
  114  16:56  Missile Turret  
  114  16:57  SCV  
  114  16:58  Missile Turret  
  115  17:11  Medivac x2  
  119  17:18  Missile Turret  
  119  17:19  Marine x8  
  119  17:22  Marine x6  
  130  17:41  Marine  
  130  17:42  Marine x10  
  132  17:51  Medivac x2  
  73  18:53  Marine x2  
  73  18:54  Marine x12  
  57  19:00  Command Center  
  57  19:02  Thor  
  52  19:03  Medivac  
  52  19:06  Medivac  
  62  19:11  Marine  
  62  19:14  Marine  
  62  19:15  Marine x6  
  70  19:17  Marine  
  71  19:30  Marine x2  
  64  19:38  Marine x3  
  59  19:45  Marine x3  
  60  19:58  Marine x6  
  60  19:59  Marine x5  
  71  20:03  Marine x3  
  71  20:04  SCV  
  71  20:05  SCV  
  82  20:26  Marine x4  
  82  20:27  Marine x3  
Show
View Real Time Build Order
Export as new Build Order

vrvi Zerg 

Build Orders: Pool First 

Get SALT Encoding   

  12  0:17  Spawning Pool  
  11  0:22  Drone  
  11  0:27  Drone  
  13  0:37  Drone  
  13  0:40  Overlord  
  14  1:03  Zergling x2  
  14  1:04  Zergling x2  
  16  1:05  Zergling x2  
  16  1:08  Queen  
  19  1:16  Zergling x2  
  20  1:28  Extractor  
  19  1:37  Hatchery  
  18  1:41  Drone  
  18  1:42  Drone  
  20  1:49  Drone  
  21  2:17  Overlord  
  21  2:20  Overlord  
  21  2:22  Queen  
  20  2:25  Extractor  
  20  2:26  Drone  
  21  2:50  Drone  
  23  2:51  Drone  
  23  2:53  Drone  
  23  2:58  Queen  
  24  2:59  Drone  
  24  3:02  Drone  
  28  3:12  Metabolic Boost  
  28  3:17  Zergling x4  
  30  3:22  Drone  
  31  3:28  Drone x2  
  31  3:29  Drone  
  34  3:34  Drone  
  34  3:35  Drone  
  36  4:02  Drone x4  
  40  4:13  Evolution Chamber  
  40  4:15  Spine Crawler  
  38  4:19  Roach Warren  
  37  4:29  Drone  
  37  4:30  Drone x6  
  44  4:32  Overlord x2  
  44  4:49  Zerg Ground Armor Level 1  
  44  5:07  Extractor, Drone  
  44  5:08  Drone x2  
  44  5:10  Lair  
  46  5:19  Baneling Nest  
  45  5:23  Spore Crawler  
  45  5:24  Spore Crawler, Drone  
  45  5:25  Drone x4  
  45  5:27  Extractor  
  47  5:30  Drone x5  
  52  5:40  Overlord x2  
  52  5:41  Overlord x2  
  52  6:09  Roach  
  52  6:10  Roach x6  
  66  6:30  Roach x3  
  57  6:56  Ravager  
  57  6:57  Ravager  
  57  6:59  Ravager x2  
  60  7:10  Queen  
  60  7:11  Queen  
  64  7:16  Drone  
  64  7:17  Drone x2  
  64  7:18  Drone  
  64  7:19  Drone x2  
  70  7:23  Drone x2  
  72  7:33  Drone  
  73  7:41  Hatchery  
  72  7:44  Extractor x2  
  72  7:50  Roach x3  
  59  8:23  Ravager  
  59  8:24  Ravager  
  59  8:26  Centrifical Hooks  
  58  8:29  Zerg Ground Armor Level 2  
  58  8:33  Zergling x2  
  58  8:34  Zergling x6  
  61  8:36  Drone x3  
  61  8:37  Drone x3  
  61  8:38  Zergling x8  
  61  8:39  Roach  
  74  8:55  Hydralisk Den  
  73  9:01  Baneling  
  73  9:02  Baneling x14  
  73  9:03  Zergling x6  
  73  9:04  Roach x2, Zergling x2  
  76  9:21  Roach, Zergling x8  
  81  9:31  Zergling x2  
  81  9:32  Overlord  
  81  9:33  Overlord x4  
  80  9:57  Roach x3  
  80  9:58  Roach x5  
  94  10:01  Zergling x2  
  89  10:14  Hydralisk x6, Zergling x8  
  81  10:15  Zergling x2  
  81  10:20  Ravager x2  
  91  10:38  Hydralisk x5, Zergling x6  
  91  10:39  Zergling x6  
  105  10:48  Zergling x4  
  86  11:03  Hydralisk x3, Zergling x6  
  83  11:13  Hydralisk x3, Drone  
  83  11:14  Hydralisk x4  
  98  11:25  Baneling  
  97  11:26  Baneling x2  
  74  11:47  Hydralisk x2, Zergling x2  
  74  11:48  Hydralisk x5, Zergling x10  
  74  11:49  Zergling x2  
  74  11:53  Queen  
  96  12:01  Zergling x6  
  89  12:15  Hydralisk x4, Zergling x4  
  88  12:21  Zergling x2  
  88  12:23  Baneling  
  88  12:24  Baneling x3  
  88  12:29  Hydralisk x3, Queen, Zergling x2  
  96  12:30  Zergling x2  
  98  12:39  Hydralisk, Zergling x4  
  83  13:04  Hydralisk x2, Zergling x6  
  83  13:05  Hydralisk x2, Zergling x8  
  87  13:20  Hydralisk x3, Zergling x8  
  84  13:41  Hydralisk x4  
  84  13:42  Hydralisk x5  
  96  14:02  Spire  
  96  14:03  Baneling  
  96  14:04  Baneling x8  
  96  14:05  Hydralisk, Zergling x6  
  100  14:20  Drone x3  
  100  14:21  Drone  
  104  14:26  Evolution Chamber x2  
  102  14:47  Baneling x2  
  102  14:48  Hydralisk x6  
  114  14:53  Zerg Missile Weapons Level 1  
  114  14:54  Zerg Melee Weapons Level 1  
  114  15:11  Zergling x2  
  114  15:12  Zergling x6  
  105  15:24  Zergling x4  
  105  15:25  Zergling x10  
  105  15:26  Zergling x10  
  105  15:27  Zergling x6  
  116  15:33  Baneling x6  
  116  15:39  Zerg Flyer Weapons Level 1  
  116  15:43  Mutalisk x2  
  116  15:44  Mutalisk  
  92  16:05  Hydralisk x4, Zergling x2  
  92  16:06  Zergling x4  
  92  16:07  Zergling x2  
  92  16:09  Zergling x2  
  93  16:16  Mutalisk x2  
  97  16:38  Muscular Augments  
  97  16:47  Baneling  
  97  16:48  Baneling x9  
  97  16:52  Hatchery  
  96  17:08  Mutalisk x5  
  98  17:14  Zergling x6  
  109  17:16  Zergling x6  
  112  17:23  Drone  
  112  17:24  Drone x4  
  115  17:44  Infestation Pit  
  114  17:45  Extractor  
  114  17:49  Extractor  
  109  18:02  Mutalisk  
  109  18:03  Mutalisk x4  
  109  18:04  Zergling x4  
  110  18:18  Hydralisk x2, Zergling x10  
  110  18:19  Zergling x2  
  73  18:43  Hydralisk x2  
  76  18:51  Lair  
  76  18:54  Drone  
  76  18:55  Queen  
  79  19:01  Drone x5  
  79  19:02  Drone x5  
  87  19:30  Queen  
  63  20:13  Hydralisk Den  
  62  20:15  Spire  
  61  20:35  Hatchery  
  65  20:37  Extractor  
  65  20:38  Extractor  
  67  20:46  Hatchery  
Tags
 
Add a new tag
Caveats
  • Supply blocks, unpowered buildings, or Contaminate may cause inaccurate times.
  • Supply counts are checked every 10 seconds.